 Dungeon Sprint DCSS version 0.29-a0-416-g83a48905f1 (webtiles) character file.

Game seed: 18352286875819826282

27 garrulousMonolith the Poker (level 2, -14/24 HPs)
             Began as a Demonspawn Fighter on May 17, 2022.
             Was an Initiate of Yredelemnul.
             Demolished by an orc warrior
             ... wielding a +2 scimitar of holy wrath
              (15 damage)
             ... in the Dungeon (Sprint VII: "The Pits").
             The game lasted 00:01:32 (376 turns).

garrulousMonolith the Poker (Demonspawn Fighter)     Turns: 376, Time: 00:01:33

Health: -14/24     AC: 11    Str: 16    XL:     2   Next: 93%
Magic:  5/5        EV:  6    Int:  9    God:    Yredelemnul [......]
Gold:   0          SH:  4    Dex: 12    Spells: 1/1 levels left

rFire   . . .      SeeInvis .   p - +0 dagger (elec)
rCold   . . .      Faith    .   c - +0 buckler
rNeg    . . .      Spirit   .   q - +3 chain mail
rPois   .          Reflect  .   (no helmet)
rElec   .          Harm     .   (no cloak)
rCorr   .          Rampage  .   (no gloves)
Will    .....      NoTele   +   (no boots)
Stlth   ..........              (no amulet)
HPRegen 0.08/turn               (no ring)
MPRegen 0.09/turn               (no ring)

@: invisible
A: powered by pain 1
a: Renounce Religion, Recall Undead Harvest


You were in the Dungeon.
You worshipped Yredelemnul.
Yredelemnul was noncommittal.
You visited 1 branch

Inventory:

Hand Weapons
 a - a +0 trident
 k - a +2 trident
 o - a +0 vorpal trident
 p - a +0 dagger of electrocution (weapon)
Armour
 b - a +0 scale mail
 c - a +0 buckler (worn)
 q - a +3 chain mail (worn)
Scrolls
 j - a scroll of blinking
 m - 5 scrolls of amnesia
 n - a scroll of summoning
Potions
 d - a potion of might
 e - 6 potions of curing
 f - 5 potions of heal wounds
 g - a potion of haste
 h - 4 potions of magic
 i - 2 potions of berserk rage
 l - a potion of invisibility


   Skills:
 - Level 3.0 Fighting
 * Level 4.7 Polearms
 - Level 2.6 Armour
 - Level 2.6 Shields
 + Level 4.2 Invocations


You had one spell level left.
You didn't know any spells.
Your spell library was empty.

Dungeon Overview and Level Annotations

Branches:
Dungeon (1/1)

Altars:
Ashenzari
Cheibriados
Dithmenos
Elyvilon
Fedhas
Gozag
Hepliaklqana
Kikubaaqudgha
Makhleb
Nemelex Xobeh
Okawaru
Qazlal
Ru
Sif Muna
Trog
Uskayaw
Vehumet
Wu Jian
Xom
Yredelemnul
Zin
The Shining One
Beogh
Jiyva
Lugonu

Annotations:
D Edmund


Innate Abilities, Weirdness & Mutations

You sometimes gain a little power by taking damage.


Message History

You catch the helpless quokka completely off-guard!
You hit the quokka.
The quokka is severely wounded.
The quokka bites you but does no damage.
You closely miss the quokka.
The quokka is severely wounded.
The quokka bites you but does no damage.
Your spectral ufetubus hits the quokka.
The quokka dies!
You hit the fire bat but do no damage.
The fire bat bites you but does no damage.
Your spectral ufetubus hits the fire bat.
Your spectral ufetubus misses the fire bat.
You swap places.
A bat and an iron imp come into view.
The iron imp shouts!
You hear a shout! x2
The fire bat barely misses you.
Edmund the Younger comes into view.
He is wielding a +1 vorpal dire flail.
An orc warrior comes into view.
It is wielding a +2 scimitar of holy wrath.
You hear a shout! x2
You hit the fire bat.
The fire bat is lightly wounded.
The orc warrior shouts!
You block the fire bat's attack. x2; The bat hits you but does no damage.
Edmund shouts!
The orc warrior shouts!
The iron imp shouts!
The fire bat bites you.
You are engulfed in flames.
The bat barely misses you.
The fire bat bites you but does no damage.
The orc warrior hits you with a +2 scimitar of holy wrath!
You convulse!
* * * LOW HITPOINT WARNING * * *
You catch the helpless orc warrior completely off-guard!
You hit the orc warrior.
The orc warrior is lightly wounded.
Edmund shouts!
The orc warrior shouts!
The iron imp shouts, "Run away, thou ducking clapper-clawed puttock!"
The fire bat bites you but does no damage.
The orc warrior hits you with a +2 scimitar of holy wrath!
Ouch! That really hurt!
You die...
Your body rises from the dead as a mindless zombie.

#.#..#####.##.......#
#.#..'...#.##.......#
#.#..'Z..'.##.......#
#.#..########...<...#
#.#..'Z))).##.......#
#.#..#Z.).[##.......#
#'###########.......#


#ZZ.Zbb.# ######### #..#@#..# #.##o# # #...@5 #.##.## #..#.# #..... ## ### You
could see Edmund (wandering, can't see you), an orc warrior (can't see you), a
fire bat (ally target), an iron imp (wandering, can't see you), a bat, a
friendly spectral endoplasm, a friendly spectral ufetubus and a friendly
hobgoblin zombie.

Vanquished Creatures
  A mummy (D)
  An ufetubus (D)
  An endoplasm (D)
  A hobgoblin (D)
  A quokka (D)
  A frilled lizard (D)
  2 rats (D)
8 creatures vanquished.

Vanquished Creatures (collateral kills)
  An endoplasm (D)
  A quokka (D)
2 creatures vanquished.

Vanquished Creatures (others)
  A rat zombie (D)
1 creature vanquished.

Grand Total: 11 creatures vanquished

Notes
Turn   | Place    | Note
-------+----------+-------------------------------------------
     0 | D        | garrulousMonolith the Demonspawn Fighter began the quest
                  | for the Orb.
     0 | D        | Reached XP level 1. HP: 18/18 MP: 1/1
    11 | D        | Reached skill level 1 in Invocations
    38 | D        | Found a bloodstained altar of Trog.
    38 | D        | Found a shimmering blue altar of Sif Muna.
    38 | D        | Found a viscous altar of Jiyva.
    38 | D        | Found a hazy altar of Hepliaklqana.
    38 | D        | Found an opulent altar of Gozag.
    39 | D        | Found a basalt altar of Yredelemnul.
    39 | D        | Found a shimmering altar of Xom.
    39 | D        | Found an ornate altar of the Wu Jian Council.
    39 | D        | Found a sacrificial altar of Ru.
    39 | D        | Found a stormy altar of Qazlal.
    39 | D        | Found an iron altar of Okawaru.
    39 | D        | Found a sparkling altar of Nemelex Xobeh.
    39 | D        | Found a burning altar of Makhleb.
    39 | D        | Found a blossoming altar of Fedhas.
    39 | D        | Found a shadowy altar of Dithmenos.
    39 | D        | Found a snail-covered altar of Cheibriados.
    40 | D        | Found a radiant altar of Vehumet.
    40 | D        | Found a corrupted altar of Lugonu.
    41 | D        | Found a hide-covered altar of Uskayaw.
    41 | D        | Found an ancient bone altar of Kikubaaqudgha.
    41 | D        | Found a broken altar of Ashenzari.
    45 | D        | Became a worshipper of Yredelemnul the Dark
   198 | D        | Gained mutation: You sometimes gain a little power by
                  | taking damage. [demonic ancestry]
   198 | D        | Reached XP level 2. HP: 24/24 MP: 4/4
   366 | D        | Noticed a fire bat
   373 | D        | Noticed Edmund
   373 | D        | Noticed an orc warrior
   375 | D        | HP: 1/24 [orc warrior/+2 scimitar of holy wrath (7)]
   376 | D        | Demolished by an orc warrior

Illustrated notes

Levels and vault maps discovered:
D:        pitsprint [storerooms_1, entrance_room_1, metal_vault_4, armoury_1,
          mini_pit_1, grid_room_1, main_hall_1, silver_pit, the_coven_3,
          the_vestibule_1, steel_vault_1, golden_pit, hallway_of_sentries,
          crystal_vault_5, iron_vault_1, final_vault]

Skill      XL: |  1  2 |
---------------+-------+-----
Polearms       | 3 4 |  4.7
Invocations    | 2 4 |  4.2
Fighting       | |  3.0
Armour         | |  2.6
Shields        | |  2.6

Action                   || total
-------------------------++-------
Melee: Trident           ||    27
       Dagger            ||     6
  Use: Potion            ||     3
 Stab: Invisible         ||     2
       Distracted        ||     1
Armor: Scale mail        ||    15
       Chain mail        ||     7
Dodge: Dodged            ||    21
Block: Buckler           ||    12

Table legend: (Time is in decaauts)
 A = Elapsed time spent in this place.
 B = Non-inter-level travel time spent in this place.
 C = Inter-level travel time spent in this place.
 D = Time resting spent in this place.
 E = Time spent auto-exploring this place.
 F = Levels seen in this place.
 G = Mean time per level.
                   A        B        C        D        E       F      G
               +--------+--------+--------+--------+--------+-----+--------+
         Total |    384 |    384 |      0 |    202 |      0 |   1 |  384.0 |
       Dungeon |    384 |    384 |      0 |    202 |      0 |   1 |  384.0 |
               +--------+--------+--------+--------+--------+-----+--------+

Top non-repeatable levels by time:
       D: 384 daAuts
